 Dungeon Crawl Stone Soup version 0.30-a0-6-g7c9e10e132 (webtiles) character file.

Game seed: 14485101451782553814

5 greasedhog the Shield-Bearer (level 1, 0/12 HPs)
             Began as a Gargoyle Wanderer on Aug 22, 2022.
             Slain by a gnoll
             ... wielding a +0 spear
              (4 damage)
             ... on level 1 of the Dungeon.
             The game lasted 00:00:36 (176 turns).

greasedhog the Shield-Bearer (Gargoyle Wanderer)     Turns: 176, Time: 00:00:36

Health: 0/12       AC:  5    Str: 12    XL:     1   Next: 80%
Magic:  1/1        EV: 11    Int: 10    God:
Gold:   20         SH:  5    Dex: 14    Spells: 0/0 levels left

rFire   . . .      SeeInvis .    h - +0 hand axe
rCold   . . .      Faith    .    d - +0 buckler
rNeg    + . .      Spirit   .    f - +0 leather armour
rPois   ∞          Reflect  .    (no helmet)
rElec   +          Harm     .    (no cloak)
rCorr   .          Rampage  .    (no gloves)
Will    .....                    (no boots)
Stlth   +.........               (no amulet)
HPRegen 0.04/turn                (no ring)
MPRegen 0.07/turn                (no ring)

@: no status effects
A: sickness immunity, AC +2, negative energy resistance 1, electricity
resistance, torment resistance 1, petrification resistance
a: no special abilities


You were on level 1 of the Dungeon.
You visited 1 branch of the dungeon, and saw 1 of its levels.

You collected 20 gold pieces.

Inventory:

Hand Weapons
 a - a +0 dagger
 h - a +0 hand axe (weapon)
Armour
 d - a +0 buckler (worn)
 f - a +0 leather armour (worn)
Scrolls
 b - a scroll of blinking
 c - a scroll of teleportation
 e - a scroll of butterflies
 g - a scroll of fear


   Skills:
 * Level 1.5 Fighting
 * Level 1.5 Armour
 - Level 1.5 Dodging
 - Level 3.2 Shields
 - Level 2.0 Unarmed Combat
 - Level 1.0 Evocations


You couldn't memorise any spells.
You didn't know any spells.
Your spell library was empty.

Dungeon Overview and Level Annotations

Branches:
Dungeon (1/15)

Altars:


Innate Abilities, Weirdness & Mutations

You are immune to sickness and miasma.
Your stone body is resilient. (AC +2)
You are immune to poison.
You resist negative energy. (rN+)
You are resistant to electric shocks. (rElec)
You are resistant to unholy torment.
You are immune to petrification.


Message History

A giant cockroach and a bat come into view.
A gnoll and a rat come into view.
The rat bites you but does no damage.
There is a stone staircase leading down here.
You hit the rat.
You kill the rat!
The bat hits you but does no damage.
You closely miss the bat. You block the bat's attack. x2
The bat hits you but does no damage.
You hit the rat but do no damage. The bat completely misses you.
The bat hits you but does no damage. You block the rat's attack. x2
You barely miss the rat. The bat barely misses you.
The rat bites you but does no damage.
You hit the rat.
You kill the rat!
The bat hits you but does no damage. The gnoll hits you but does no damage.
You miss the bat. The bat closely misses you.
The bat hits you but does no damage.
The gnoll hits you from afar with a +0 spear. x2
You are too injured to fight recklessly!
You are too injured to fight recklessly!
You are too injured to fight recklessly!
You are too injured to fight recklessly!
You are too injured to fight recklessly!
You are too injured to fight recklessly!
You are too injured to fight recklessly!
You are too injured to fight recklessly!
Unknown command.
The giant cockroach attacks as you move away!
The giant cockroach bites you but does no damage.
The bat hits you but does no damage. The bat barely misses you.
The bat hits you but does no damage. The bat misses you.
The bat closely misses you.
You closely miss the bat. The bat hits you but does no damage. x2
The gnoll barely misses you. The giant cockroach barely misses you.
You closely miss the bat. You hit the giant cockroach. The bat hits you.
The bat closely misses you. The giant cockroach closely misses you.
The gnoll hits you from afar with a +0 spear.
You die...

....###
##.#####.
#...###..# ..
##.#.†.## #
##### ###....###
.....#
##...#.........
......#
#..##########..
....... #.##
....... ###.#
....... #b@.#
......†###B##..#
......†>.g.##.##
...>.!........#
.......########
..^.... .......
....... ......#


You could see a gnoll, a giant cockroach and a bat.

Vanquished Creatures
  A goblin (D:1)
  A quokka (D:1)
  2 frilled lizards (D:1)
  2 rats (D:1)
6 creatures vanquished.

Notes
Turn   | Place    | Note
-------+----------+-------------------------------------------
     0 | D:1      | greasedhog the Gargoyle Wanderer began the quest for the
                  | Orb.
     0 | D:1      | greasedhog set off with the following items: a +0 dagger, a
                  | scroll of blinking, a scroll of teleportation, a +0
                  | buckler, a scroll of butterflies, a +0 leather armour, a
                  | scroll of fear.
     0 | D:1      | Reached XP level 1. HP: 12/12 MP: 1/1
   176 | D:1      | Slain by a gnoll

Illustrated notes

Levels and vault maps discovered:
D:1:      pf_arrival_petrified_forest, layout_rooms

Action                   || total
-------------------------++-------
Melee: Hand axe          ||    16
Armor: Leather armour    ||    15
Dodge: Dodged            ||    15
Block: Buckler           ||     6

Table legend: (Time is in decaauts)
 A = Elapsed time spent in this place.
 B = Non-inter-level travel time spent in this place.
 C = Inter-level travel time spent in this place.
 D = Time resting spent in this place.
 E = Time spent auto-exploring this place.
 F = Levels seen in this place.
 G = Mean time per level.
                   A        B        C        D        E       F      G
               +--------+--------+--------+--------+--------+-----+--------+
         Total |    180 |    180 |      0 |      0 |    139 |   1 |  180.0 |
       Dungeon |    180 |    180 |      0 |      0 |    139 |   1 |  180.0 |
               +--------+--------+--------+--------+--------+-----+--------+

Top non-repeatable levels by time:
     D:1: 180 daAuts
